Cogmind - Beta 14 @@@ ROGUE MODE // 2024.08.23 @ 22:40:21 Player: Lord Draconis Result: Destroyed by S-27 Virus with Autogun Performance ------------- Evolutions (6) 3000 Regions Visited (13) 2600 Robots Destroyed (131) 655 Value Destroyed (3941) 3941 Prototype IDs (0) 0 Alien Tech Used (0) 0 Bonus (500) 500 TOTAL SCORE: 10696 Bonus ------- Entered DSFs 500 Cogmind --------- Core Integrity 0/1150 Matter 92/300 Energy 80/100 System Corruption 2% Temperature Cool (0) Movement Core (50) Location -4/Upper Caves Parts ------- > --- POWER (1) -------- (None) > --- PROPULSION (7) --- (None) > --- UTILITY (8) ------ Improved Armor Integrity Analyzer Hacking Suite > --- WEAPON (3) ------- (None) > --- INVENTORY (5) ---- Compact Matter Pod (78) Hardcell Cannon Hardcell Cannon Power Maul Peak State ------------ > --- POWER ------------ (None) > --- PROPULSION ------- Improved VSS Leg Myomer Leg Centrium Wheel > --- UTILITY ---------- Improved Armor Integrity Analyzer Hacking Suite > --- WEAPON ----------- Quantum Rifle Quantum Rifle Power Maul > --- INVENTORY -------- Compact Matter Pod Hardcell Cannon Hardcell Cannon [Rating: 50] Favorites ----------- Power Light Ion Engine Engine Light Ion Engine Power Core Light Nuclear Core Reactor Light Antimatter Reactor Propulsion Light Treads Treads Light Treads Leg Carbon-fiber Leg Wheel Wheel Utility Huge Storage Unit Device Thermal Shield Storage Huge Storage Unit Processor Targeting Computer Hackware Hacking Suite Protection Light Armor Plating Weapon Improved Light Cannon Energy Gun Plasma Rifle Energy Cannon Beam Cannon Ballistic Gun Gauss Rifle Ballistic Cannon Improved Light Cannon Launcher Mini Grenade Launcher Impact Weapon Power Maul Build | -11 -10 -10 -9 -9 -8 -7 -6 -5 -5 -5 -5 -4 -4 ------- Run | Yrd Mat Min Mat Min Mat Fac Fac Fac Was Fac DSF Fac Upp Slots Evolved 12 | . . . 2 . 2 2 2 2 . . . 2 . Power . | . . . . . . . . . . . . . . Propulsion 5 | . . . 1 . 1 1 1 . . . . 1 . Utility 6 | . . . 1 . 1 1 1 1 . . . 1 . Weapon 1 | . . . . . . . . 1 . . . . . Parts Attached 146 | 7 12 4 22 1 24 7 38 7 . 3 . 17 4 Power 14 | 1 . . 3 . 2 1 3 1 . . . 3 . Engine 7 | 1 . . 2 . 1 1 2 . . . . . . Core 6 | . . . 1 . 1 . 1 1 . . . 2 . Reactor 1 | . . . . . . . . . . . . 1 . Propulsion 30 | 2 1 . 6 . 7 2 7 . . . . 5 . Treads 19 | 1 1 . 4 . 7 2 4 . . . . . . Leg 5 | . . . . . . . 2 . . . . 3 . Wheel 6 | 1 . . 2 . . . 1 . . . . 2 . Hover . | . . . . . . . . . . . . . . Flight . | . . . . . . . . . . . . . . Utility 29 | 2 4 . 4 1 6 2 4 3 . 1 . 1 1 Device 6 | 1 . . . . . . 2 2 . 1 . . . Storage 6 | 1 3 . . 1 . 1 . . . . . . . Processor 3 | . 1 . . . . 1 . . . . . 1 . Hackware 1 | . . . . . . . . . . . . . 1 Protection 13 | . . . 4 . 6 . 2 1 . . . . . Artifact . | . . . . . . . . . . . . . . Weapon 73 | 2 7 4 9 . 9 2 24 3 . 2 . 8 3 Energy Gun 8 | 1 . . 1 . . . 1 1 . 2 . . 2 Energy Cannon 5 | . . . 2 . . . 1 . . . . 2 . Ballistic Gun 8 | 1 . . 2 . . . 2 1 . . . 2 . Ballistic Cannon 22 | . 4 2 3 . 4 2 7 . . . . . . Launcher 22 | . 2 2 1 . 5 . 10 . . . . 2 . Special Weapon . | . . . . . . . . . . . . . . Impact Weapon 8 | . 1 . . . . . 3 1 . . . 2 1 Slashing Weapon . | . . . . . . . . . . . . . . Piercing Weapon . | . . . . . . . . . . . . . . Special Melee Weapon . | . . . . . . . . . . . . . . Unidentified Prototypes . | . . . . . . . . . . . . . . Parts Lost 53 | . 1 . 6 . 3 . 26 . 4 . . 8 5 Power 11 | . . . 3 . 1 . 3 . 1 . . 3 . Propulsion 18 | . . . 1 . 2 . 9 . 1 . . 2 3 Utility 8 | . 1 . . . . . 7 . . . . . . Weapon 16 | . . . 2 . . . 7 . 2 . . 3 2 Highest Loss Streak 13 | . 1 . 2 . 1 . 13 . 4 . . 4 5 To Critical Strikes . | . . . . . . . . . . . . . . Average Slot Usage (%) 83 | . 93 100 98 100 95 100 90 53 29 11 1 25 36 Engine 6 | . 14 14 6 11 7 1 5 . . . . . . Core 1 | . . . 3 . 1 5 . 1 2 . . 2 . Treads 20 | . 14 14 22 22 35 38 31 . . . . . . Leg 1 | . . . . . . . . 11 5 . . 3 9 Wheel 6 | . 14 14 10 11 . . 2 . . . . 5 3 Device 3 | . 5 . . . . . 5 14 7 2 1 . . Storage 8 | . 14 14 11 17 10 7 6 5 2 . . . . Processor 8 | . 2 14 11 11 9 15 11 . . . . 2 5 Protection 7 | . . . 10 4 12 15 10 5 2 . . . . Energy Gun 1 | . 1 . . . . . 2 3 2 8 . . 7 Ballistic Gun 1 | . . . 3 . . . . 5 2 . . 5 . Ballistic Cannon 12 | . 25 27 13 22 17 6 5 . . . . . . Peak Build Rating 50 | 7 8 8 18 18 25 27 44 45 45 15 5 40 50 Average Rating 21 | 5 7 8 15 17 21 25 34 37 20 10 3 25 42 On Entrance 14 | . 7 8 8 17 18 22 27 18 45 1 5 2 28 Naked Turns 177 | . . . . . . . . . 80 16 17 64 . Heaviest Build 110 | 12 89 89 96 96 107 104 110 101 101 10 1 21 15 Greatest Support 127 | 10 20 10 46 16 88 105 127 30 30 3 3 26 40 Greatest Overweight (x) 26 | 1 8 8 9 5 1 . 26 3 4 3 . 1 4 Average Overweight (x) 2 | . 2 8 5 5 1 . . 2 . 1 . . . Largest Inventory Capacity 25 | 8 25 25 25 25 25 25 25 25 25 5 5 5 5 Average Capacity 20 | 7 14 25 25 25 25 25 25 25 13 5 5 5 5 Most Carried 25 | 7 11 14 25 25 25 25 25 18 15 5 5 5 4 Average Carried 17 | 4 10 12 21 25 24 24 23 14 9 4 4 3 3 Final Capacity 25 | 8 25 25 25 25 25 25 25 25 5 5 5 5 5 Final Carried 25 | 7 11 14 25 25 25 25 19 14 5 5 5 5 4 Class Distribution -------------------- 70% | Mutant 27% | Scavenger-Mutant Dominant Class ---------------- Mutant | -10/Materials Mutant | -10/Mines Mutant | -9/Materials Mutant | -9/Mines Mutant | -8/Materials Scavenger-Mutant | -7/Factory Scavenger-Mutant | -6/Factory Scavenger-Mutant | -5/Factory Mutant | -5/Waste Mutant | -5/Factory Mutant | -5/DSF Mutant | -4/Factory Mutant | -4/Upper Caves Resources | -11 -10 -10 -9 -9 -8 -7 -6 -5 -5 -5 -5 -4 -4 ----------- Run | Yrd Mat Min Mat Min Mat Fac Fac Fac Was Fac DSF Fac Upp Matter Collected 3395 | 255 417 103 685 142 515 109 626 257 . . 10 276 . Remotely . | . . . . . . . . . . . . . . Salvage Created 3367 | 86 529 49 785 . 681 86 721 109 . . . 321 . Parts 194 | 8 26 9 45 . 50 3 34 5 . . . 14 . Haulers Intercepted 9 | . 2 . 3 . 4 . . . . . . . . Recyclers Shooed 2 | . 1 . 1 . . . . . . . . . . Parts Field Recycled . | . . . . . . . . . . . . . . Retrieved Matter . | . . . . . . . . . . . . . . Parts Self-Destructed 2 | . . . . . . . . . . . . . 2 Prevented 6 | . . . . . . . . . . . . . 6 Kills | -11 -10 -10 -9 -9 -8 -7 -6 -5 -5 -5 -5 -4 -4 ------- Run | Yrd Mat Min Mat Min Mat Fac Fac Fac Was Fac DSF Fac Upp Combat Hostiles Destroyed 95 | . 11 6 18 . 23 3 25 2 . . . 7 . Guns 10 | . . . 3 . . . 3 2 . . . 2 . Cannons 47 | . 7 2 13 . 15 3 6 . . . . 1 . AOE 35 | . 4 4 2 . 8 . 16 . . . . 1 . Classes Destroyed 16 | 2 4 . 3 . 3 . 3 . . . . 1 . Worker 9 | . . . 1 . . . 5 . . . . 3 . Builder 1 | . . . . . . . . . . . . 1 . Tunneler 5 | 1 . 1 . . 1 . 1 . . . . 1 . Hauler 9 | . 2 . 3 . 4 . . . . . . . . Recycler 5 | 1 2 . 2 . . . . . . . . . . Operator 3 | . . . 1 . . . 1 . . . . 1 . Watcher 4 | . 2 . 2 . . . . . . . . . . Swarmer 29 | . 3 6 3 . 6 . 7 . . . . 4 . Cutter 3 | . . . . . 3 . . . . . . . . Grunt 37 | . 8 . 8 . 11 2 8 . . . . . . Brawler 2 | . . . . . 1 . 1 . . . . . . Duelist 1 | . . . . . 1 . . . . . . . . Sentry 12 | . . . 7 . 1 1 2 . . . . 1 . Hunter 6 | . . . . . . . 4 . . . . 2 . Programmer 4 | . . . . . . . 2 2 . . . . . Heavy 1 | . . . . . . . 1 . . . . . . Best Kill Streak 6 | 1 6 4 4 . 5 3 4 1 . . . 4 . Combat Bots Only 4 | . 4 3 3 . 3 3 4 1 . . . 4 . Max Kills in Single Turn 4 | 1 4 3 2 . 3 1 3 1 . . . 1 . Gunslinging . | . . . . . . . . . . . . . . Exploded 4 | . 4 2 2 . 3 . 3 . . . . 1 . Melee . | . . . . . . . . . . . . . . Uniques/NPCs Destroyed . | . . . . . . . . . . . . . . Combat | -11 -10 -10 -9 -9 -8 -7 -6 -5 -5 -5 -5 -4 -4 -------- Run | Yrd Mat Min Mat Min Mat Fac Fac Fac Was Fac DSF Fac Upp Hostile Shots Fired 768 | . 54 8 97 . 67 36 215 26 7 . 16 137 105 Missed 253 | . 16 4 36 . 15 20 68 8 2 . 7 41 36 Damage Taken 9239 | . 401 61 829 . 1000 127 3082 357 197 . 518 1560 1107 Core 2900 | . 89 7 78 . 141 6 697 84 140 . 501 534 623 Absorbed by Shields . | . . . . . . . . . . . . . . Redirected to Shielding 43 | . . . . . . . . 33 10 . . . . Ignored by Resistances 108 | . . . . . . . 108 . . . . . . Regen/Repaired (Parts) 50 | . . . 50 . . . . . . . . . . Core Remaining (%) 65 | 100 . 61 . 80 74 99 18 . . . 27 . . Volleys Fired 263 | 8 33 4 66 . 46 9 58 16 . . . 21 2 Largest 2 | 2 2 2 2 . 2 2 2 2 . . . 2 2 Hottest 188 | 70 70 70 100 . 78 78 119 103 . . . 105 188 Shots Fired 487 | 16 66 8 125 . 92 18 105 25 . . . 28 4 Gun 111 | 16 . . 23 . . . 22 25 . . . 21 4 Cannon 327 | . 65 5 101 . 83 18 51 . . . . 4 . Launcher 49 | . 1 3 1 . 9 . 32 . . . . 3 . Special . | . . . . . . . . . . . . . . Kinetic 376 | 8 65 5 105 . 83 18 55 16 . . . 21 . Thermal 62 | 8 . . 19 . . . 18 9 . . . 4 4 Explosive 49 | . 1 3 1 . 9 . 32 . . . . 3 . Electromagnetic . | . . . . . . . . . . . . . . Robot Hit Streak 28 | 4 5 3 28 . 13 14 18 8 . . . 7 8 Robot Miss Streak 5 | 2 5 1 4 . 4 1 2 3 . . . 5 2 Penetration Max . | . . . . . . . . . . . . . . Secondary Targets . | . . . . . . . . . . . . . . Shots Hit Robots 352 | 11 29 4 93 . 62 17 83 17 . . . 34 2 Core Hits 204 | 3 21 8 42 . 47 7 62 4 . . . 10 . Critical Kills 1 | . . . . . . . 1 . . . . . . Critical Parts Destroyed 5 | . . . . . . . 2 . . . . 3 . Critical Strikes 23 | 1 3 . 4 . 5 1 5 . . . . 4 . Burn 3 | 1 . . . . . . 2 . . . . . . Blast 13 | . 3 . 4 . 5 1 . . . . . . . Smash 7 | . . . . . . . 3 . . . . 4 . Melee Attacks 32 | . 2 . . . . . 8 . . . . 22 . Impact 32 | . 2 . . . . . 8 . . . . 22 . Slashing . | . . . . . . . . . . . . . . Piercing . | . . . . . . . . . . . . . . Sneak Attacks 9 | . . . . . . . 5 . . . . 4 . Combat Hostiles . | . . . . . . . . . . . . . . Follow-up Attacks . | . . . . . . . . . . . . . . Damage Inflicted 11064 | 116 672 342 1819 . 1823 332 4036 436 . . . 1425 63 Guns 1470 | 116 . . 300 . . . 317 436 . . . 244 57 Cannons 4504 | . 529 58 1434 . 1221 332 859 . . . . 71 . Explosions 3666 | . 143 284 85 . 602 . 2342 . . . . 210 . Melee 1418 | . . . . . . . 518 . . . . 900 . Ramming 6 | . . . . . . . . . . . . . 6 Kinetic 5069 | 42 529 58 1433 . 1221 332 880 330 . . . 244 . Thermal 905 | 74 . . 301 . . . 296 106 . . . 71 57 Explosive 3666 | . 143 284 85 . 602 . 2342 . . . . 210 . Electromagnetic . | . . . . . . . . . . . . . . Impact 1418 | . . . . . . . 518 . . . . 900 . Slashing . | . . . . . . . . . . . . . . Piercing . | . . . . . . . . . . . . . . Highest Corruption 17 | . . . 1 1 . . 13 4 17 17 17 2 2 Average Corruption 3 | . . . 1 1 . . 12 3 10 17 17 2 2 Corruption Purged . | . . . . . . . . . . . . . . Corruption Blocked . | . . . . . . . . . . . . . . Effects 35 | . . . 10 1 . . 4 2 7 4 2 3 2 Message Errors 8 | . . . 2 . . . 1 1 1 1 1 . 1 Matter Fused 8 | . . . 2 1 . . . . 3 1 . 1 . Heat Flow Errors 3 | . . . 1 . . . 1 . 1 . . . . Energy Discharges 5 | . . . 1 . . . 1 . 1 1 . 1 . Parts Rejected 3 | . . . 1 . . . . . 1 . . . 1 Data Loss (minor) 1 | . . . 1 . . . . . . . . . . Data Loss (major) 5 | . . . 2 . . . 1 1 . 1 . . . Alerts 1 | . . . . . . . . . . . . 1 . Misdirections 1 | . . . . . . . . . . . 1 . . Overload Shots . | . . . . . . . . . . . . . . Overflow Damage 902 | . 9 7 21 . 6 . 453 . . . . 406 . Projectiles 34 | . 9 . 21 . 4 . . . . . . . . Explosions 65 | . . 7 . . 2 . 56 . . . . . . Melee 803 | . . . . . . . 397 . . . . 406 . Knockbacks 49 | . 8 . 15 . 18 2 4 . . . . 2 . Impact 2 | . . . . . . . . . . . . 2 . Kinetic 46 | . 8 . 15 . 17 2 4 . . . . . . Secondary 1 | . . . . . 1 . . . . . . . . Self-Inflicted Damage 503 | . . 26 . . 106 . 348 . . . . 17 6 Shots 16 | . . 1 . . 3 . 11 . . . . 1 . Rammed . | . . . . . . . . . . . . . . Targets Rammed . | . . . . . . . . . . . . . . Kicked . | . . . . . . . . . . . . . . Crushed . | . . . . . . . . . . . . . . Highest Temperature 315 | 100 150 9 315 . 279 111 244 . 202 . . 54 114 Average Temperature 59 | 48 42 3 65 . 67 54 55 . 102 . . 25 62 Received Heat Transfer 1467 | . 180 . 324 . 360 36 465 . . . . 63 39 Effects 1 | . . . 1 . . . . . . . . . . Shutdowns 1 | . . . 1 . . . . . . . . . . Siege Activations . | . . . . . . . . . . . . . . Robots Corrupted 4 | . . . . . . . . . . . . 4 . Combat Hostiles 3 | . . . . . . . . . . . . 3 . Parts Fried 9 | . . . . . . . 4 . . . . 5 . Impact Corruptions 19 | . . . . . . . 7 . . . . 12 . Robots Melted . | . . . . . . . . . . . . . . Combat Hostiles . | . . . . . . . . . . . . . . Parts Melted 5 | . . . . . . . 2 3 . . . . . Heat Transferred 1974 | 296 . . 530 . . . 800 200 . . . 74 74 Parts Sabotaged . | . . . . . . . . . . . . . . Parts Stolen . | . . . . . . . . . . . . . . Parts Stripped . | . . . . . . . . . . . . . . Power Chain Reactions . | . . . . . . . . . . . . . . Alert | -11 -10 -10 -9 -9 -8 -7 -6 -5 -5 -5 -5 -4 -4 ------- Run | Yrd Mat Min Mat Min Mat Fac Fac Fac Was Fac DSF Fac Upp Peak Influence 382 | 10 243 127 349 134 346 266 382 189 7 . 3 213 . Initial 151 | . 6 42 31 134 52 151 130 135 7 . 3 1 . Average 135 | 4 95 83 118 134 195 193 191 125 3 . 3 85 . Maximum Alert Level 1 | . 1 . 1 . 1 1 1 . . . . 1 . Low Security (%) 73 | 100 87 100 77 100 38 64 60 100 100 100 100 87 . Level 1 26 | . 12 . 22 . 61 35 39 . . . . 12 . Level 2 . | . . . . . . . . . . . . . . Level 3 . | . . . . . . . . . . . . . . Level 4 . | . . . . . . . . . . . . . . Level 5 . | . . . . . . . . . . . . . . High Security . | . . . . . . . . . . . . . . Max Security . | . . . . . . . . . . . . . . Squads Dispatched 21 | . 2 . 2 . 4 1 9 1 . . 1 1 . Investigation 3 | . . . 1 . . 1 1 . . . . . . Extermination 4 | . . . . . . . 2 1 . . . 1 . Reinforcement 12 | . 2 . 1 . 4 . 4 . . . 1 . . Assault . | . . . . . . . . . . . . . . Garrison 2 | . . . . . . . 2 . . . . . . Intercept . | . . . . . . . . . . . . . . Searches Triggered . | . . . . . . . . . . . . . . Construction Impeded 1 | . . . . . 1 . . . . . . . . Haulers Reinforced . | . . . . . . . . . . . . . . Active Scanning Responses . | . . . . . . . . . . . . . . Cargo Convoy Interrupts 1 | . . . . . . . 1 . . . . . . Stealth | -11 -10 -10 -9 -9 -8 -7 -6 -5 -5 -5 -5 -4 -4 --------- Run | Yrd Mat Min Mat Min Mat Fac Fac Fac Was Fac DSF Fac Upp Distress Signals 8 | . 2 . 2 . 1 . 3 . . . . . . Communications Jammed . | . . . . . . . . . . . . . . Distress Signals . | . . . . . . . . . . . . . . Times Spotted 160 | . 20 6 29 . 32 3 30 2 6 . 4 13 15 Peak Tracking Total 13 | . 6 3 4 . 4 1 5 2 6 . 3 4 13 Tactical Retreats 10 | . 1 . 1 . 5 . . . . . . 1 2 Traps | -11 -10 -10 -9 -9 -8 -7 -6 -5 -5 -5 -5 -4 -4 ------- Run | Yrd Mat Min Mat Min Mat Fac Fac Fac Was Fac DSF Fac Upp Traps Triggered 4 | . . . 1 . 1 . . 1 . . . 1 . Indirectly . | . . . . . . . . . . . . . . Trap Hack Attempts . | . . . . . . . . . . . . . . Triggered . | . . . . . . . . . . . . . . Disarmed . | . . . . . . . . . . . . . . Reprogrammed . | . . . . . . . . . . . . . . Reused . | . . . . . . . . . . . . . . Traps Extracted . | . . . . . . . . . . . . . . Installed . | . . . . . . . . . . . . . . Triggered 4 | . . . . . . . 2 . . . . . 2 Machines | -11 -10 -10 -9 -9 -8 -7 -6 -5 -5 -5 -5 -4 -4 ---------- Run | Yrd Mat Min Mat Min Mat Fac Fac Fac Was Fac DSF Fac Upp Machines Disabled 12 | . . . 5 . 1 . 4 . . . . 2 . Max in Single Turn 2 | . . . 1 . 1 . 2 . . . . 1 . Machines Repaired . | . . . . . . . . . . . . . . Machines Dismantled . | . . . . . . . . . . . . . . Machines Sabotaged . | . . . . . . . . . . . . . . Overloaded Fab Kills . | . . . . . . . . . . . . . . Hacking | -11 -10 -10 -9 -9 -8 -7 -6 -5 -5 -5 -5 -4 -4 --------- Run | Yrd Mat Min Mat Min Mat Fac Fac Fac Was Fac DSF Fac Upp Machines Accessed 30 | . 6 . 8 . 3 3 3 1 . 2 . 3 1 Terminals 26 | . 6 . 6 . 3 2 3 1 . 2 . 3 . Fabricators 1 | . . . . . . 1 . . . . . . . Repair Stations 1 | . . . 1 . . . . . . . . . . Recycling Units . | . . . . . . . . . . . . . . Scanalyzers 1 | . . . 1 . . . . . . . . . . Garrison Access . | . . . . . . . . . . . . . . Total Hacks 81 | . 19 . 31 . 5 7 6 1 . 3 . 8 1 Successful 32 | . 4 . 15 . 3 4 . 1 . 1 . 3 1 Failed 48 | . 15 . 15 . 2 3 6 . . 2 . 5 . Catastrophic 12 | . 3 . 3 . 1 1 2 . . . . 2 . Database Lockouts 1 | . . . 1 . . . . . . . . . . Manual 60 | . 17 . 19 . 4 4 6 1 . 1 . 8 . Terminals 69 | . 19 . 23 . 5 4 6 1 . 3 . 8 . Fabricators 3 | . . . . . . 3 . . . . . . . Repair Stations 3 | . . . 3 . . . . . . . . . . Recycling Units . | . . . . . . . . . . . . . . Scanalyzers 5 | . . . 5 . . . . . . . . . . Garrison Access . | . . . . . . . . . . . . . . Terminal Hacks 14 | . 3 . 5 . 1 1 . . . 1 . 2 1 Part Schematic 3 | . 1 . 2 . . . . . . . . . . Robot Analysis 3 | . 1 . 2 . . . . . . . . . . Open Door 1 | . . . . . . . . . . . . . 1 Open DSF 1 | . . . . . . . . . . 1 . . . Branch Access Points 2 | . . . 1 . . . . . . . . 1 . Terminal Index 3 | . . . . . 1 1 . . . . . 1 . Registered Components 1 | . 1 . . . . . . . . . . . . Fabricator Hacks 2 | . . . . . . 2 . . . . . . . Load Schematic 1 | . . . . . . 1 . . . . . . . Build 1 | . . . . . . 1 . . . . . . . Repair Station Hacks 2 | . . . 2 . . . . . . . . . . Scan Component 1 | . . . 1 . . . . . . . . . . Repair 1 | . . . 1 . . . . . . . . . . Recycling Unit Hacks . | . . . . . . . . . . . . . . Scanalyzer 5 | . . . 5 . . . . . . . . . . Insert Component 2 | . . . 2 . . . . . . . . . . Analyze 3 | . . . 3 . . . . . . . . . . Garrison Access Hacks . | . . . . . . . . . . . . . . Unauthorized Hacks 9 | . 1 . 3 . 2 1 . 1 . . . 1 . Terminals 9 | . 1 . 3 . 2 1 . 1 . . . 1 . Botnet 9 | . 1 . 3 . 2 1 . 1 . . . 1 . Fabricators . | . . . . . . . . . . . . . . Repair Stations . | . . . . . . . . . . . . . . Recycling Units . | . . . . . . . . . . . . . . Scanalyzers . | . . . . . . . . . . . . . . Garrison Access . | . . . . . . . . . . . . . . Data Cores Recovered . | . . . . . . . . . . . . . . Used . | . . . . . . . . . . . . . . Hacking Detections 25 | . 6 . 6 . 3 3 3 1 . . . 3 . Full Trace Events 4 | . 1 . 1 . . 1 1 . . . . . . Feedback Events . | . . . . . . . . . . . . . . Feedback Blocked . | . . . . . . . . . . . . . . Robot Schematics Acquired . | . . . . . . . . . . . . . . Robots Built . | . . . . . . . . . . . . . . Authchips . | . . . . . . . . . . . . . . Time . | . . . . . . . . . . . . . . Total Robot Build Rating . | . . . . . . . . . . . . . . Part Schematics Acquired 5 | . 1 . 4 . . . . . . . . . . Parts Built 1 | . . . . . . 1 . . . . . . . Authchips . | . . . . . . . . . . . . . . Time 51 | . . . . . . 51 . . . . . . . Total Part Build Rating 1 | . . . . . . 1 . . . . . . . Parts Repaired 1 | . . . 1 . . . . . . . . . . Time 32 | . . . 32 . . . . . . . . . . Parts Recycled . | . . . . . . . . . . . . . . Recycled Matter . | . . . . . . . . . . . . . . Retrieved Matter . | . . . . . . . . . . . . . . Retrieved Components . | . . . . . . . . . . . . . . Parts Scanalyzed 2 | . . . 2 . . . . . . . . . . Part Schematics Acquired 2 | . . . 2 . . . . . . . . . . Parts Damaged . | . . . . . . . . . . . . . . Bothacking | -11 -10 -10 -9 -9 -8 -7 -6 -5 -5 -5 -5 -4 -4 ------------ Run | Yrd Mat Min Mat Min Mat Fac Fac Fac Was Fac DSF Fac Upp Used RIF Installer . | . . . . . . . . . . . . . . Robots Hacked . | . . . . . . . . . . . . . . Non-combat . | . . . . . . . . . . . . . . Combat . | . . . . . . . . . . . . . . Robot Hacks Applied . | . . . . . . . . . . . . . . Relay Couplers Released . | . . . . . . . . . . . . . . Fabnet Peak Effective % . | . . . . . . . . . . . . . . Robots Rewired . | . . . . . . . . . . . . . . Allies Hacked . | . . . . . . . . . . . . . . Hacks Repelled . | . . . . . . . . . . . . . . Allies | -11 -10 -10 -9 -9 -8 -7 -6 -5 -5 -5 -5 -4 -4 -------- Run | Yrd Mat Min Mat Min Mat Fac Fac Fac Was Fac DSF Fac Upp Total Allies . | . . . . . . . . . . . . . . Largest Group . | . . . . . . . . . . . . . . Highest-Rated Group . | . . . . . . . . . . . . . . Highest-Rated Ally . | . . . . . . . . . . . . . . Total Orders . | . . . . . . . . . . . . . . Ally Attacks . | . . . . . . . . . . . . . . Total Damage . | . . . . . . . . . . . . . . Kills . | . . . . . . . . . . . . . . Allies Corrupted . | . . . . . . . . . . . . . . Allies Melted . | . . . . . . . . . . . . . . Intel | -11 -10 -10 -9 -9 -8 -7 -6 -5 -5 -5 -5 -4 -4 ------- Run | Yrd Mat Min Mat Min Mat Fac Fac Fac Was Fac DSF Fac Upp Robot Analysis Total 3 | . 1 . 2 . . . . . . . . . . Derelict Logs Recovered 3 | . . 2 . . . . . . . . . . 1 Drone Launches . | . . . . . . . . . . . . . . Drone Recoveries . | . . . . . . . . . . . . . . Exploration | -11 -10 -10 -9 -9 -8 -7 -6 -5 -5 -5 -5 -4 -4 ------------- Run | Yrd Mat Min Mat Min Mat Fac Fac Fac Was Fac DSF Fac Upp Turns Passed 8025 | 84 1098 642 1412 52 1248 339 1636 491 155 77 31 643 117 Spaces Moved 4026 | 49 680 298 581 15 426 180 690 134 183 64 58 575 93 Core 411 | 2 . . . . . . 3 . 162 64 58 121 1 Treads 1481 | . 183 . 16 . 426 180 676 . . . . . . Legs 180 | . . . . . . . 11 134 21 . . . 14 Wheels 1954 | 47 497 298 565 15 . . . . . . . 454 78 Hover . | . . . . . . . . . . . . . . Flight . | . . . . . . . . . . . . . . Fastest Speed 50 | 50 95 200 175 175 236 157 154 260 50 50 50 50 90 Average Speed 161 | 89 133 200 186 175 238 157 190 302 83 111 50 84 93 Slowest Speed 1350 | 95 200 200 320 175 240 157 1350 330 330 200 50 110 250 Overloaded Moves . | . . . . . . . . . . . . . . Propulsion Burnouts . | . . . . . . . . . . . . . . Robots Hopped . | . . . . . . . . . . . . . . Cave-ins Triggered . | . . . . . . . . . . . . . . Exploration Rate (%) 33 | 4 83 57 62 5 33 7 22 3 89 1 71 17 12 Regions Visited 13 Branch Regions 3 Pre-discovered Areas 1 | . . 1 . . . . . . . . . . . Known Exits Taken 4 | . . 1 1 . . . . . . 1 . 1 . Unknown Exits Taken 6 | 1 1 . . 1 1 1 1 . . . . . . Scrap Searched 2 | . . 1 . 1 . . . . . . . . . Spaces Dug 10 | . 1 6 . . . . 3 . . . . . . Terrain Destroyed 365 | . 11 25 10 . 64 . 185 . . . . 68 2 Melee 4 | . 1 . . . . . 3 . . . . . . Projectile 7 | . . . . . 5 . . . . . . . 2 AOE 354 | . 10 25 10 . 59 . 182 . . . . 68 . Terrain Rammed 1 | . . . . . . . . . . . . . 1 Walls Destroyed . | . . . . . . . . . . . . . . Machines Disabled . | . . . . . . . . . . . . . . Actions | -11 -10 -10 -9 -9 -8 -7 -6 -5 -5 -5 -5 -4 -4 --------- Run | Yrd Mat Min Mat Min Mat Fac Fac Fac Was Fac DSF Fac Upp Total 4996 | 71 802 335 794 41 566 222 880 197 186 69 59 657 117 Wait 394 | 1 47 27 81 26 53 16 74 39 . . . 14 16 Move 4014 | 48 679 297 580 14 425 179 689 134 182 63 57 574 93 Hop . | . . . . . . . . . . . . . . Pick Up 86 | 7 13 3 29 . 10 5 10 1 1 . 1 5 1 Fast Attach 34 | 7 4 . 3 . . . 4 1 . 2 . 11 2 Attach 44 | . . . 9 . 8 2 14 6 . 1 . 2 2 Detach 5 | . 2 . 1 . . . . . . 2 . . . Swap 68 | . 8 4 10 1 16 5 20 . . . . 4 . Drop 55 | . 14 . 15 . 8 6 3 . 3 1 1 4 . Fire 263 | 8 33 4 66 . 46 9 58 16 . . . 21 2 Melee 32 | . 2 . . . . . 8 . . . . 22 . Ram 1 | . . . . . . . . . . . . . 1 Kick . | . . . . . . . . . . . . . . Crush . | . . . . . . . . . . . . . . Escape Stasis . | . . . . . . . . . . . . . . Rewire . | . . . . . . . . . . . . . . Trap . | . . . . . . . . . . . . . . Miscellaneous . | . . . . . . . . . . . . . . Route ------- -11/Scrapyard -10/Materials (discovered 4 exits: *Mat x3 / [*Min]) -10/Mines (discovered 2 exits: *Mat / [*Exi]) -9/Materials (discovered 5 exits: *Mat x3 / *Min x2) -9/Mines -8/Materials (discovered 2 exits: *Fac / [*Sto]) -7/Factory -6/Factory -5/Factory -5/Waste -5/Factory -5/DSF -4/Factory (discovered 2 exits: *Upp x2) -4/Upper Caves History --------- Turn | Location | Event 23 | -11/Scrapyard | Discovered new exit (range 16) 85 | -11/Scrapyard | Entered Materials 226 | -10/Materials | Discovered new exit (range 12) 242 | -10/Materials | Discovered new exit (range 14) 325 | -10/Materials | Build established: Mutant 856 | -10/Materials | Discovered new exit (range 6) 1004 | -10/Materials | Discovered new exit (range 9) 1183 | -10/Materials | Entered Mines 1223 | -10/Mines | Learned Materials interactive machine intel 1245 | -10/Mines | Deemed a non-threat by the Exiles lab entrance 1247 | -10/Mines | Discovered new exit (range 5) 1336 | -10/Mines | Identified exit to Materials 1483 | -10/Mines | Learned location of Storage (-8) 1494 | -10/Mines | Received a Rocket Launcher from a helpful Derelict 1825 | -10/Mines | Entered Materials 1825 | -9/Materials | Evolved 2 slots: Propulsion x1, Utility x1 1826 | -9/Materials | Loaded intel: 18 interactive machine locations 2086 | -9/Materials | Discovered new exit (range 14) 2344 | -9/Materials | Discovered new exit (range 6) 2399 | -9/Materials | Repaired Hrd. Light Armor Plating 2874 | -9/Materials | Discovered new exit (range 16) 3084 | -9/Materials | Identified exit to Mines 3114 | -9/Materials | Discovered new exit (range 15) 3214 | -9/Materials | Central database locked down 3237 | -9/Materials | Entered Mines 3237 | -9/Mines | Discovered new exit (range 8) 3238 | -9/Mines | Assembled infested the area 3243 | -9/Mines | Assisted by a Guerilla fighting off Assembled 3289 | -9/Mines | Entered Materials 3289 | -8/Materials | Evolved 2 slots: Propulsion x1, Utility x1 3967 | -8/Materials | Discovered new exit (range 6) 4162 | -8/Materials | Discovered new exit (range 3) 4537 | -8/Materials | Entered Factory 4537 | -7/Factory | Evolved 2 slots: Propulsion x1, Utility x1 4723 | -7/Factory | Discovered new exit (range 16) 4778 | -7/Factory | Fabricated Huge Storage Unit (x1) 4818 | -7/Factory | Build established: Scavenger-Mutant 4876 | -7/Factory | Entered another Factory area 4876 | -6/Factory | Evolved 2 slots: Propulsion x1, Utility x1 5218 | -6/Factory | Lost 3 parts (2n1u) 5459 | -6/Factory | Build established: Mutant 5695 | -6/Factory | Cargo convoy interrupted 5846 | -6/Factory | Build established: Scavenger-Mutant 6356 | -6/Factory | Discovered new exit (range 10) 6368 | -6/Factory | Garrison activated, responded to threat 6376 | -6/Factory | System corruption reached 10% 6389 | -6/Factory | Core integrity fell below 50% 6418 | -6/Factory | Lost 13 parts (2p4n3u4w) 6451 | -6/Factory | Lost 3 parts (1p2w) 6503 | -6/Factory | Core integrity fell below 20% 6512 | -6/Factory | Entered another Factory area 6512 | -5/Factory | Evolved 2 slots: Utility x1, Weapon x1 7003 | -5/Factory | Sucked down chute 7003 | -5/Factory | Entered Waste 7018 | -5/Waste | EMP discharged 7033 | -5/Waste | Spotted C-40 Crusher 7046 | -5/Waste | Spotted C-40 Crusher 7072 | -5/Waste | Crushed by Compactor (1 part destroyed, 2 dropped) 7075 | -5/Waste | Crushed by Compactor (1 part destroyed, 1 dropped) 7078 | -5/Waste | Crushed by Compactor (1 part destroyed) 7101 | -5/Waste | Spotted C-40 Crusher 7102 | -5/Waste | Spotted C-40 Crusher 7102 | -5/Waste | Spotted C-40 Crusher 7109 | -5/Waste | Lost 4 parts (1p1n2w) 7118 | -5/Waste | EMP discharged 7118 | -5/Waste | System corruption reached 10% 7146 | -5/Waste | Spotted C-40 Crusher 7153 | -5/Waste | Discovered new exit (range 10) 7158 | -5/Waste | Entered Factory 7235 | -5/Factory | Identified exit to DSF 7235 | -5/Factory | Entered DSF 7250 | -5/DSF | Core integrity fell below 50% 7255 | -5/DSF | Additional patrols routed to DSF 7259 | -5/DSF | Discovered new exit (range 14) 7266 | -5/DSF | Entered Factory 7266 | -4/Factory | Evolved 2 slots: Propulsion x1, Utility x1 7370 | -4/Factory | Build established: Mutant 7568 | -4/Factory | Lost 3 parts (2p1n) 7783 | -4/Factory | Identified exit to Upper Caves 7905 | -4/Factory | Spotted B-86 Titan 7909 | -4/Factory | Entered Upper Caves 7934 | -4/Upper Caves | Lost 4 parts (1p1n2w) 7975 | -4/Upper Caves | Learned 4 Research zone layouts 7993 | -4/Upper Caves | Core integrity fell below 50% 8022 | -4/Upper Caves | Core integrity fell below 20% 8026 | -4/Upper Caves | Destroyed by S-27 Virus with Autogun Last Messages --------------- Acquired Quantum Rifle.